 Dungeon Crawl Stone Soup version 0.27-a0-1188-g73eefd5def (webtiles) character file.

Game seed: 10531371592804785177

229 robertstho the Magician (level 6, -1/43 HPs)
             Began as a Djinni Fire Elementalist on May 21, 2021.
             Slain by an iguana (8 damage)
             ... on level 4 of the Dungeon.
             The game lasted 00:05:56 (4500 turns).

robertstho the Magician (Djinni Fire Elementalist)  Turns: 4500, Time: 00:05:56

Health: -1/43      AC:  2    Str:  7    XL:     6   Next: 23%
Gold:   123        EV: 13    Int: 18    God:
                   SH:  5    Dex: 14

rFire    + . .     SeeInvis .   i - +2 dagger (pain)
rCold    . . .     Faith    .   (no shield)
rNeg     . . .     Spirit   .   a - +0 robe
rPois    ∞         Reflect  +   (no helmet)
rElec    .         Harm     .   (no cloak)
rCorr    .         Rampage  .   (no gloves)
Will     .....                  (boots unavailable)
Stlth    ++........             h - amulet of reflection
HPRegen  0.14/turn              f - ring of ice
MPRegen  0.00/turn              (no ring)

@: about to teleport, flying, very slightly contaminated
A: sickness immunity, fire resistance 2, cold vulnerability 1, float, innate
caster, hp casting, extra vitality 1
a: no special abilities


You were on level 4 of the Dungeon.
You visited 1 branch of the dungeon, and saw 4 of its levels.

You collected 123 gold pieces.

Inventory:

Hand Weapons
 c - a +1 dagger
 e - a +0 vampiric dagger
 i - a +2 dagger of pain (weapon)
Armour
 a - a +0 robe (worn)
Jewellery
 f - a ring of ice (left hand)
 h - an amulet of reflection (around neck)
Wands
 m - a wand of iceblast (8)
Scrolls
 b - 2 scrolls of teleportation
 d - a scroll of enchant armour
 g - 6 scrolls of identify
 j - a scroll of fog {unknown}
 k - a scroll of amnesia {unknown}
Potions
 l - a potion of might


   Skills:
 * Level 1.6 Fighting
 + Level 3.0 Dodging
 + Level 2.0 Stealth
 * Level 4.3 Spellcasting


You couldn't memorise any spells.
You knew the following spells:

 Your Spells              Type           Power      Damage    Failure   Level
a - Foxfire               Conj/Fire      76%        2x1d7     2%          1
b - Conjure Flame         Conj/Fire      19%        6-21      7%          3
c - Inner Flame           Hex/Fire       19%        N/A       7%          3
d - Sticky Flame          Conj/Fire      19%        2d4       24%         4
e - Fireball              Conj/Fire      9%         3d6       54%         5
f - Summon Small Mammal   Summ           76%        N/A       2%          1
g - Corpse Rot            Necr/Air       N/A        N/A       3%          2
Your spell library was empty.

Dungeon Overview and Level Annotations

Branches:
Dungeon (4/15)
 Temple: D:4-7

Altars:
Fedhas

Shops:
D:1 (

Annotations:
D:1 Terence


Innate Abilities, Weirdness & Mutations

You are immune to sickness and miasma.
You are immune to poison.
Your flesh is very heat resistant. (rF++)
You are vulnerable to cold. (rC-)
You float through the air rather than walking.
You learn spells naturally, not from books.
Your magical power is your life essence.
You have superior vitality. (+4 HP)


Message History

Casting: Foxfire (safe; 2% risk of failure)
Press: ? - help, Q - select action, (/) - cycle Dir - look around, f - activate You conjure some foxfire!
The iguana bites you!
The foxfire hits the iguana.
The iguana is moderately wounded.
The foxfire hits the iguana but does no damage.
The iguana is moderately wounded.
The iguana bites you!
Casting: Foxfire (safe; 2% risk of failure)
Press: ? - help, Q - select action, (/) - cycle Dir - look around, f - activate You conjure some foxfire!
The iguana barely misses you.
The foxfire hits the iguana.
The iguana is moderately wounded.
The foxfire hits the iguana.
The iguana is heavily wounded.
The iguana barely misses you.
Unknown command.
Casting: Foxfire (safe; 2% risk of failure)
Confirm with . or Enter, or press ? or * to list all spells.
The spell is quite dangerous to cast (24% risk of failure)!
Continue anyway? [Y]es or [N]o only, please.
The spell is quite dangerous to cast (24% risk of failure)!
Continue anyway?
Okay, then.
Casting: Sticky Flame (quite dangerous; 24% risk of failure)
Confirm with . or Enter, or press ? or * to list all spells.
The spell is quite dangerous to cast (24% risk of failure)!
Continue anyway?
Aiming: Sticky Flame (quite dangerous; 24% risk of failure)
Press: ? - help, Shift-Dir - straight line, f - iguana
Aim: an iguana (heavily wounded, 100% to hit)
You miscast Sticky Flame.
You are very lightly contaminated with residual magic.
Nothing appears to happen.
The iguana bites you!
* * * LOW HITPOINT WARNING * * *
Okay, then.
As you read the scroll labelled RADGHA BOYDOTWIORU, it crumbles to dust.
You feel strangely unstable.
It was a scroll of teleportation.
The iguana bites you!
You die...

#.# #.# #)# #.# #.##
#..## ####...##
#...@l..##### #
.....#####.....#########
.## ##.##..........
#.#######..... #.#
###### ... #.. .... #.##


You could see an iguana.

Vanquished Creatures
  An orc priest (D:4)
  A centaur skeleton (D:3)
  A hound skeleton (D:3)
  3 gnolls (D:3)
  5 adders
  An adder skeleton (D:3)
  2 worms (D:2)
  A dart slug (D:3)
  3 orcs (D:4)
  6 ball pythons
  5 endoplasms
  9 goblins
  9 hobgoblins
  3 kobolds
  5 quokkas
  6 bats
  3 frilled lizards
  A giant cockroach zombie (D:3)
  2 quokka skeletons (D:3)
  A quokka zombie (D:3)
  9 rats
77 creatures vanquished.

Vanquished Creatures (collateral kills)
  3 foxfires (D:3)
3 creatures vanquished.

Vanquished Creatures (others)
  362 foxfires
  2 withered plants (D:3)
364 creatures vanquished.

Grand Total: 444 creatures vanquished

Notes
Turn   | Place    | Note
-------+----------+-------------------------------------------
     0 | D:1      | robertstho the Djinni Fire Elementalist began the quest for
                  | the Orb.
     0 | D:1      | Reached XP level 1. HP: 15/15 MP: 0/0
   340 | D:1      | Reached XP level 2. HP: 18/21 MP: 0/0
  1033 | D:1      | Reached skill level 3 in Spellcasting
  1033 | D:1      | Reached XP level 3. HP: 24/26 MP: 0/0
  1033 | D:1      | Learned a level 1 spell: Summon Small Mammal
  1130 | D:1      | Found Edyebefy's Weapon Shoppe.
  1523 | D:2      | Noticed Terence
  2127 | D:2      | Found a faded altar of an unknown god.
  2390 | D:2      | Reached XP level 4. HP: 27/31 MP: 0/0
  3352 | D:3      | Reached skill level 1 in Fighting
  3396 | D:3      | Reached XP level 5. HP: 32/37 MP: 0/0
  3396 | D:3      | Learned a level 2 spell: Corpse Rot
  3786 | D:3      | Reached skill level 4 in Spellcasting
  3936 | D:3      | Reached XP level 6. HP: 30/42 MP: 0/0
  4410 | D:4      | Found a blossoming altar of Fedhas.
  4500 | D:4      | Slain by an iguana

Illustrated notes

Levels and vault maps discovered:
D:1:      lightli_arrival_isolated_outpost, layout_loops_ring, serial_shops,
          shop, st_stairs_2, hangedman_abyss_or_decor_lesser_grid
D:2:      layout_loops_ring, basic_ecumenical_altar, minmay_diced_spiral,
          uniq_terence
D:3:      layout_basic, serial_undead, serial_undead_e, serial_undead_a,
          serial_undead_b, serial_undead_b, minmay_pentomino_pile
D:4:      layout_loops_ring, kennysheep_mini, kennysheep_cross_room,
          hangedman_glass_teeth, kennysheep_generic_room_2

Skill      XL: |  1  2  3  4  5 |
---------------+----------------+-----
Spellcasting   | 3 4 |  4.3
Fighting       | 1 |  1.6
Dodging        | 3 |  3.0
Stealth        | 2 |  2.0

Action                   |  1- 3 |  4- 6 || total
-------------------------+-------+-------++-------
 Cast: Foxfire           |    93 |   135 ||   228
       Sticky Flame      |       |     2 ||     2
  Use: Scroll            |     3 |     3 ||     6
       Potion            |     1 |       ||     1
Armor: Robe              |     4 |       ||     4
Dodge: Dodged            |    10 |    11 ||    21
Block: Other             |       |     6 ||     6

Table legend: (Time is in decaauts)
 A = Elapsed time spent in this place.
 B = Non-inter-level travel time spent in this place.
 C = Inter-level travel time spent in this place.
 D = Time resting spent in this place.
 E = Time spent auto-exploring this place.
 F = Levels seen in this place.
 G = Mean time per level.
                   A        B        C        D        E       F      G
               +--------+--------+--------+--------+--------+-----+--------+
         Total |   4498 |   4471 |     27 |    297 |   3598 |   4 | 1124.5 |
       Dungeon |   4498 |   4471 |     27 |    297 |   3598 |   4 | 1124.5 |
               +--------+--------+--------+--------+--------+-----+--------+

Top non-repeatable levels by time:
     D:1: 1469 daAuts
     D:2: 1437 daAuts
     D:3: 1306 daAuts
     D:4: 285 daAuts
